 Dungeon Crawl Stone Soup version 0.28.0-45-g0d030f2227 (webtiles) character file.

Game seed: 17025577841441269247

1217 101zpm the Gusty (level 8, -5/58 HPs)
             Began as a Gnoll Air Elementalist on Apr 24, 2022.
             Slain by a vampire (7 damage)
             ... on level 7 of the Dungeon.
             The game lasted 00:17:54 (6153 turns).

101zpm the Gusty (Gnoll Air Elementalist)           Turns: 6153, Time: 00:17:55

Health: -5/58      AC:  5    Str:  8    XL:     8   Next: 46%
Magic:  9/17       EV: 14    Int: 16    God:
Gold:   283        SH:  0    Dex: 13    Spells: 9/19 levels left

rFire   + . .      SeeInvis +   x - +5 rapier of Emmeroef {speed, rElec rF+}
rCold   . . .      Faith    .   (no shield)
rNeg    . . .      Spirit   .   a - +0 robe
rPois   .          Reflect  .   m - +1 helmet {SInv}
rElec   +          Harm     .   C - +0 cloak
rCorr   .          Rampage  .   (no gloves)
Will    .....                   (no boots)
Stlth   +.........              n - amulet of magic regeneration
HPRegen 0.19/turn               (no ring)
MPRegen 0.55/turn               (no ring)

@: confused, hasted, very quick
A: fangs 1, strong nose, distributed training
a: no special abilities


You were on level 7 of the Dungeon.
You visited 1 branch of the dungeon, and saw 7 of its levels.

You collected 283 gold pieces.

Inventory:

Hand Weapons
 l - a +2 vorpal spear
 x - the +5 rapier of Emmeroef (weapon) {speed, rElec rF+}
   (You found it on level 4 of the Dungeon)

   Attacks with this weapon are significantly faster.
   rF:        It protects you from fire.
   rElec:     It insulates you from electricity.
Armour
 a - a +0 robe (worn)
 m - a +1 helmet of see invisible (worn)
 C - a +0 cloak (worn)
Magical Staves
 d - a staff of poison
Jewellery
 f - a ring of ice
 i - the amulet of the Queen {Drain rPois Regen+ Dex-5 SInv}
   (You found it on level 2 of the Dungeon)

   [amulet of regeneration]

   Dex:       It affects your dexterity (-5).
   rPois:     It protects you from poison.
   SInv:      It lets you see invisible.
   Regen:     It increases your rate of health regeneration.
   Drain:     It drains your maximum health when unequipped.
 n - an amulet of magic regeneration (around neck)
 p - an amulet of guardian spirit
Wands
 t - a wand of iceblast (10)
 u - a wand of mindburst (17)
 w - a wand of flame (13)
Scrolls
 b - 2 scrolls of enchant armour {unknown}
 e - 2 scrolls of fog {unknown}
 h - a scroll of amnesia {unknown}
 j - 3 scrolls of identify {unknown}
 q - 4 scrolls of teleportation {unknown}
 r - 2 scrolls of summoning {unknown}
 s - a scroll of silence {unknown}
 y - 2 scrolls of immolation {unknown}
 A - 2 scrolls of brand weapon {unknown}
 B - a scroll of enchant weapon {unknown}
 E - a scroll of fear {unknown}
Potions
 c - 2 potions of resistance {unknown}
 g - a potion of magic {unknown}
 k - 2 potions of might {unknown}
 o - 3 potions of flight {unknown}
 v - 2 potions of curing {unknown}
 z - 2 potions of haste
 D - 2 potions of mutation {unknown}
 F - a potion of brilliance {unknown}


   Skills:
 + Level 3.3 Fighting
 + Level 3.3 Short Blades
 + Level 3.3 Long Blades
 + Level 3.3 Axes
 + Level 3.3 Maces & Flails
 + Level 3.3 Polearms
 + Level 3.3 Staves
 + Level 3.3 Slings
 + Level 3.3 Bows
 + Level 3.3 Crossbows
 + Level 3.3 Throwing
 + Level 3.3 Armour
 + Level 5.7 Dodging
 + Level 5.4 Stealth
 + Level 3.3 Shields
 + Level 3.3 Unarmed Combat
 + Level 6.0 Spellcasting
 + Level 3.5 Conjurations
 + Level 2.6 Hexes
 + Level 2.6 Summonings
 + Level 2.6 Necromancy
 + Level 2.6 Translocations
 + Level 2.6 Transmutations
 + Level 2.6 Fire Magic
 + Level 2.6 Ice Magic
 + Level 6.1 Air Magic
 + Level 2.6 Earth Magic
 + Level 2.6 Poison Magic
 + Level 3.6 Invocations
 + Level 3.3 Evocations


You had 9 spell levels left.
You knew the following spells:

 Your Spells              Type           Power      Damage    Failure   Level
a - Shock                 Conj/Air       80%        1d8       1%          1
b - Static Discharge      Conj/Air       20%        N/A       2%          2
c - Swiftness             Air            24%        N/A       3%          3
d - Airstrike             Air            12%        N/A       11%         4

Your spell library contained the following spells:

 Spells                   Type           Power      Damage    Failure   Level
 Corpse Rot               Necr/Air       38%        N/A       3%          2
 Dispel Undead            Necr           13%        3d9       41%         4
 Death Channel            Necr           6%         N/A       100%        6


Dungeon Overview and Level Annotations

Branches:
Dungeon (7/15)
 Temple: D:4-7

Altars:
Hepliaklqana
Makhleb
Vehumet

Shops:
D:1 !=((?

Annotations:
D:3 Grinder
D:4 Menkaure


Innate Abilities, Weirdness & Mutations

You have very sharp teeth.
Your uncanny sense of smell can sniff out nearby items.
Your experience applies equally to all skills.


Message History

Casting: Airstrike (dangerous; 12% risk of failure)
Confirm with . or Enter, or press ? or * to list all spells.
Aiming: Airstrike (dangerous; 12% risk of failure)
Press: ? - help, Dir - move target, f/p - troll
Aim: a troll (severely wounded, empty space bonus: 4/8)
The air twists around and strikes the troll!
You kill the troll!
The vampire misses you. The vampire bites you!
The vampire draws strength from your injuries!
Your Spellcasting skill increases to level 6!
Casting: Airstrike (dangerous; 11% risk of failure)
Confirm with . or Enter, or press ? or * to list all spells.
Okay, then.
Casting: Airstrike (dangerous; 11% risk of failure)
Confirm with . or Enter, or press ? or * to list all spells.
The vampire is struck by an arc of lightning.
The vampire is lightly damaged.
You resist.
You are struck by an arc of lightning.
The vampire hits you!
* * * LOW HITPOINT WARNING * * *
The vampire bites you!
* * * LOW HITPOINT WARNING * * *
The vampire draws strength from your injuries!
It was a potion of haste.
You feel yourself speed up. The vampire barely misses you. x2
The vampire points at you and mumbles some strange words.
You are confused.
The vampire hits you but does no damage.
The vampire barely misses you.
Your magical contamination has completely faded away.
You barely miss the vampire.
You're too confused to move!
The vampire barely misses you. The vampire completely misses you.
You're too confused to move!
The vampire misses you. The vampire bites you.
* * * LOW HITPOINT WARNING * * *
The vampire draws strength from your injuries!
You miss the vampire. You hit the vampire.
The vampire is lightly damaged.
The vampire hits you!
You die...

#####....##..
#####...........#
######.............###
#####.................##
........†..............#
.......##.............##
...#####..............#
#### #..............#
#######..@....## ∆
∆##.V.....#
#.##.......## #
#........## ####
#.##......# ...### ..
#......# #....# ##
#.....## ###### ∆##..#.#
#.#.##


You could see a vampire.

Vanquished Creatures
  A troll (D:7)
  2 necrophages
  A phantom (D:6)
  2 scorpions
  A crimson imp (D:6)
  3 hounds
  A jelly (D:6)
  A centaur skeleton (D:7)
  2 iguanas
  2 hell rats (D:6)
  A hound skeleton (D:4)
  A howler monkey zombie (D:6)
  Robin (D:3)
  3 adders
  A howler monkey skeleton (D:6)
  21 river rats (D:6)
  An adder skeleton (D:4)
  3 worms
  3 dart slugs
  10 orcs
  6 endoplasms
  5 giant cockroaches
  9 goblins
  8 hobgoblins
  2 jackals (D:1)
  A quokka (D:2)
  8 ball pythons
  5 bats
  2 frilled lizards
  10 kobolds
  3 rats
120 creatures vanquished.

Notes
Turn   | Place    | Note
-------+----------+-------------------------------------------
     0 | D:1      | 101zpm the Gnoll Air Elementalist began the quest for the
                  | Orb.
     0 | D:1      | Reached XP level 1. HP: 13/13 MP: 6/6
    25 | D:1      | Found Qoschet's Jewellery Shop.
    27 | D:1      | Found Fimyiramp's Distillery.
   330 | D:1      | Reached XP level 2. HP: 20/20 MP: 2/7
   989 | D:1      | Found Ahubywea's Antique Weapon Emporium.
  1052 | D:1      | Found Mosmya Zola's Antique Weapon Shop.
  1138 | D:1      | Found Xootuz Usiv's Magic Scroll Boutique.
  1410 | D:2      | Reached XP level 3. HP: 25/25 MP: 7/9
  1488 | D:2      | Reached skill level 5 in Spellcasting
  1613 | D:2      | Found a faded altar of an unknown god.
  1804 | D:2      | Identified the amulet of the Queen {Drain rPois Regen+
                  | Dex-5 SInv}
  1936 | D:2      | Reached skill level 1 in Invocations
  2327 | D:3      | Noticed Robin
  2428 | D:3      | Reached skill level 1 in Fighting
  2428 | D:3      | Reached skill level 1 in Short Blades
  2428 | D:3      | Reached skill level 1 in Long Blades
  2428 | D:3      | Reached skill level 1 in Axes
  2428 | D:3      | Reached skill level 1 in Maces & Flails
  2428 | D:3      | Reached skill level 1 in Polearms
  2428 | D:3      | Reached skill level 1 in Staves
  2428 | D:3      | Reached skill level 1 in Slings
  2428 | D:3      | Reached skill level 1 in Bows
  2428 | D:3      | Reached skill level 1 in Crossbows
  2428 | D:3      | Reached skill level 1 in Throwing
  2428 | D:3      | Reached skill level 1 in Armour
  2428 | D:3      | Reached skill level 1 in Shields
  2428 | D:3      | Reached skill level 1 in Unarmed Combat
  2428 | D:3      | Reached skill level 1 in Evocations
  2431 | D:3      | Killed Robin
  2432 | D:3      | Reached XP level 4. HP: 28/32 MP: 1/11
  2942 | D:3      | Noticed Grinder
  3059 | D:3      | Reached skill level 1 in Hexes
  3059 | D:3      | Reached skill level 1 in Summonings
  3059 | D:3      | Reached skill level 1 in Necromancy
  3059 | D:3      | Reached skill level 1 in Translocations
  3059 | D:3      | Reached skill level 1 in Transmutations
  3059 | D:3      | Reached skill level 1 in Fire Magic
  3059 | D:3      | Reached skill level 1 in Ice Magic
  3059 | D:3      | Reached skill level 1 in Earth Magic
  3059 | D:3      | Reached skill level 1 in Poison Magic
  3206 | D:4      | Identified the +5 rapier of Emmeroef {speed, rElec rF+}
  3316 | D:4      | Reached XP level 5. HP: 31/31 MP: 10/12
  3650 | D:4      | Noticed Menkaure
  3666 | D:4      | Learned a level 2 spell: Static Discharge
  3670 | D:4      | Learned a level 3 spell: Swiftness
  3675 | D:4      | Learned a level 4 spell: Airstrike
  3676 | D:5      | Entered Level 5 of the Dungeon
  3679 | D:5      | Noticed an ogre
  4364 | D:6      | Noticed a phantom
  4374 | D:6      | Killed a phantom
  4375 | D:6      | Reached XP level 6. HP: 37/44 MP: 10/13
  4543 | D:6      | Reached skill level 5 in Dodging
  4778 | D:6      | Reached XP level 7. HP: 50/50 MP: 13/15
  5022 | D:6      | Found the +2 ratskin cloak {*Rats rPois rN+ Str-1 Int-1
                  | Dex+1}
  5120 | D:6      | Found a radiant altar of Vehumet.
  5120 | D:6      | Found a burning altar of Makhleb.
  5360 | D:6      | Reached skill level 5 in Stealth
  5481 | D:6      | Found a hazy altar of Hepliaklqana.
  5889 | D:7      | Reached XP level 8. HP: 54/58 MP: 13/16
  6132 | D:7      | Noticed a troll
  6135 | D:7      | Noticed a vampire
  6140 | D:7      | Killed a troll
  6151 | D:7      | HP: 2/58 [vampire (5)]
  6153 | D:7      | Slain by a vampire

Illustrated notes

Levels and vault maps discovered:
D:1:      dpeg_arrival_rooms_b, layout_basic, serial_shops,
          nicolae_shop_statue_plus, nicolae_diamond_shop,
          nicolae_lakefront_shop, nicolae_shop_waterfront,
          nicolae_shop_statue_plus, hangedman_decor_slide_cut
D:2:      layout_basic, basic_ecumenical_altar, minivault_24,
          minmay_pentomino_r2
D:3:      layout_loops_ring, uniq_grinder, uniq_robin
D:4:      layout_loops_ring, mainiacjoe_overflow_two_lobes, minmay_liquid_box,
          minmay_quantized, uniq_menkaure
D:5:      layout_loops_cross, lemuel_temple_firewalk_a
D:6:      wander_guarded_unrand_ratskin, layout_basic,
          grunt_temple_overflow_lords_of_destruction,
          nicolae_hepliaklqana_hippocampus
D:7:      minmay_cornered_nines, layout_cave_pods, serial_shops,
          kennysheep_mini, minmay_misc_feat_enclosed

Skill      XL: |  1  2  3  4  5  6  7  8 |
---------------+-------------------------+-----
Conjurations   | 2 3 |  3.5
Spellcasting   | 5 6 |  6.0
Invocations    | 1 2 3 |  3.6
Fighting       | 1 2 3 |  3.3
Short Blades   | 1 2 3 |  3.3
Long Blades    | 1 2 3 |  3.3
Axes           | 1 2 3 |  3.3
Maces & Flails | 1 2 3 |  3.3
Polearms       | 1 2 3 |  3.3
Staves         | 1 2 3 |  3.3
Slings         | 1 2 3 |  3.3
Bows           | 1 2 3 |  3.3
Crossbows      | 1 2 3 |  3.3
Throwing       | 1 2 3 |  3.3
Armour         | 1 2 3 |  3.3
Shields        | 1 2 3 |  3.3
Unarmed Combat | 1 2 3 |  3.3
Evocations     | 1 2 3 |  3.3
Hexes          | 1 2 |  2.6
Summonings     | 1 2 |  2.6
Necromancy     | 1 2 |  2.6
Translocations | 1 2 |  2.6
Transmutations | 1 2 |  2.6
Fire Magic     | 1 2 |  2.6
Ice Magic      | 1 2 |  2.6
Earth Magic    | 1 2 |  2.6
Poison Magic   | 1 2 |  2.6
Dodging        | 5 |  5.7
Stealth        | 5 |  5.4
Air Magic      | 6 |  6.1

Action                   |  1- 3 |  4- 6 |  7- 9 || total
-------------------------+-------+-------+-------++-------
Melee: Rapier            |       |    15 |    20 ||    35
       Bite              |       |     3 |     3 ||     6
       Punch             |       |     1 |       ||     1
 Cast: Shock             |    72 |   149 |    68 ||   289
       Airstrike         |       |     2 |    13 ||    15
       Static Discharge  |       |       |     1 ||     1
  Use: Potion            |       |       |     1 ||     1
Armor: Robe              |       |     9 |     7 ||    16
Dodge: Dodged            |     3 |    27 |    34 ||    64
